 Dungeon Crawl Stone Soup version 0.29.1-2-gbd0b4ee654 (webtiles) character file.

Game seed: 17783834209207013425

149 safid the Shooter (level 5, -4/47 HPs)
             Began as a Minotaur Hunter on Nov 3, 2022.
             Slain by an orc
             ... wielding a +0 trident
              (8 damage)
             ... on level 3 of the Dungeon.
             The game lasted 00:03:37 (1781 turns).

safid the Shooter (Minotaur Hunter)                 Turns: 1781, Time: 00:03:38

Health: -4/47      AC:  4    Str: 16    XL:     5   Next: 9%
Magic:  4/4        EV: 12    Int:  6    God:
Gold:   180        SH:  0    Dex: 15    Spells: 4/4 levels left

rFire   . . .      SeeInvis .   a - +0 shortbow
rCold   . . .      Faith    .   (shield currently unavailable)
rNeg    . . .      Spirit   .   c - +0 leather armour
rPois   .          Reflect  .   (helmet restricted)
rElec   .          Harm     .   (no cloak)
rCorr   .          Rampage  .   f - +0 pair of gloves
Will    +....                   (no boots)
Stlth   +.........              (no amulet)
HPRegen 0.15/turn               k - ring of willpower
MPRegen 0.09/turn               (no ring)

@: no status effects
A: horns 2, retaliatory headbutt
a: no special abilities


You were on level 3 of the Dungeon.
You visited 1 branch of the dungeon, and saw 3 of its levels.

You collected 180 gold pieces.

Inventory:

Hand Weapons
 a - a +0 shortbow (weapon)
Missiles
 i - a throwing net
Armour
 c - a +0 leather armour (worn)
 f - a +0 pair of gloves (worn)
Jewellery
 k - a ring of willpower (left hand)
Wands
 m - a wand of iceblast (6)
Scrolls
 b - 2 scrolls of immolation
 d - a scroll of summoning {unknown}
 e - 2 scrolls of identify {unknown}
 g - a scroll of torment {unknown}
 l - a scroll of vulnerability {unknown}
Potions
 h - a potion of curing {unknown}
 j - a potion of flight {unknown}


   Skills:
 + Level 4.8 Fighting
 + Level 5.9 Ranged Weapons
 - Level 2.1 Dodging
 - Level 0.7 Stealth


You had 4 spell levels left.
You didn't know any spells.
Your spell library was empty.

Dungeon Overview and Level Annotations

Branches:
Dungeon (3/15)

Altars:
Ashenzari


Innate Abilities, Weirdness & Mutations

You have a pair of horns on your head.
You reflexively headbutt those who attack you in melee.


Message History

Fire: a) +0 shortbow
Press: ? - help, Q - select action, (/) - cycle Shift-Dir - straight line, f/p - gnoll
Aim: a gnoll, wielding a +0 spear (almost dead, 66% to hit)
You shoot an arrow. The arrow hits the gnoll!
You kill the gnoll!
The gnoll misses you. The orc hits you but does no damage.
You have reached level 5!
Fire: a) +0 shortbow
Press: ? - help, Q - select action, (/) - cycle Shift-Dir - straight line, f - orc
Aim: an orc, wielding a +0 trident and wearing a +0 leather armour (63% to hit)
You shoot an arrow. The arrow hits the orc.
The orc is heavily wounded.
The gnoll misses you. The orc closely misses you.
An orc comes into view. It is wielding a +0 flail.
Fire: a) +0 shortbow
Press: ? - help, Q - select action, (/) - cycle Shift-Dir - straight line, f - gnoll, p - orc
Aim: a gnoll, wielding a +0 halberd (severely wounded, 66% to hit)
You shoot an arrow. The orc shouts!
The arrow hits the gnoll but does no damage.
The gnoll is severely wounded.
The gnoll misses you. The orc hits you but does no damage.
Unknown command.
Fire: a) +0 shortbow
Press: ? - help, Q - select action, (/) - cycle Shift-Dir - straight line, f/p - gnoll
Aim: a gnoll, wielding a +0 halberd (severely wounded, 66% to hit)
You shoot an arrow. The arrow hits the gnoll.
You kill the gnoll!
The orc misses you.
An endoplasm comes into view.
The orc hits you from afar with a +0 trident.
* * * LOW HITPOINT WARNING * * *
Unknown command.
Fire: a) +0 shortbow
Press: ? - help, Q - select action, (/) - cycle Shift-Dir - straight line, f - endoplasm
Aim: an endoplasm (87% to hit)
You shoot an arrow. The arrow hits the endoplasm!
You kill the endoplasm!
The orc hits you from afar with a +0 trident!
You die...

≈###### ≈...... ≈......
....... ≈≈ ..... ≈..###
.). ....≈~##)# #.≈~@##
..(..># ###≈≈)# #...#..
###o# ##..#..
#.####o######.÷....
...............#..#
.)######...######..# ...
#)# #..#.........####.
...... #.#
#.................
8...8..
#.#####.......<.##..####


You could see 2 orcs.

Vanquished Creatures
  3 gnolls (D:3)
  6 adders
  3 orcs (D:3)
  6 endoplasms
  A giant cockroach (D:3)
  8 goblins
  8 hobgoblins
  6 jackals
  3 kobolds (D:1)
  A quokka (D:2)
  4 ball pythons
  4 bats
  3 frilled lizards
  8 rats
64 creatures vanquished.

Notes
Turn   | Place    | Note
-------+----------+-------------------------------------------
     0 | D:1      | safid the Minotaur Hunter began the quest for the Orb.
     0 | D:1      | Reached XP level 1. HP: 18/18 MP: 0/0
   155 | D:1      | Reached XP level 2. HP: 26/26 MP: 1/1
   643 | D:2      | Reached skill level 5 in Ranged Weapons
   643 | D:2      | Reached XP level 3. HP: 25/31 MP: 2/2
  1054 | D:2      | Found a faded altar of an unknown god.
  1056 | D:2      | Reached XP level 4. HP: 40/40 MP: 3/3
  1548 | D:3      | Found a broken altar of Ashenzari.
  1778 | D:3      | Reached XP level 5. HP: 7/47 MP: 4/4
  1781 | D:3      | Slain by an orc

Illustrated notes

Levels and vault maps discovered:
D:1:      lightli_arrival_maybe_door_vault, layout_basic, bh_walls_and_bars
D:2:      layout_basic, basic_ecumenical_altar
D:3:      layout_rooms, mainiacjoe_overflow_cross_hatched,
          minmay_tree_intersection, minmay_misc_feat_tiny,
          minmay_misc_feat_four_crosses, chequers_serial_rivers_small_b

Skill      XL: |  1  2  3 |
---------------+----------+-----
Fighting       | 3 4 |  4.8
Ranged Weapons | 5 |  5.9
Dodging        | |  2.1
Stealth        | |  0.7

Action                   |  1- 3 |  4- 6 || total
-------------------------+-------+-------++-------
 Fire: Shortbow          |    93 |    67 ||   160
Armor: Leather armour    |    10 |     5 ||    15
Dodge: Dodged            |    24 |    27 ||    51
